 Dungeon Crawl Stone Soup version 0.13.1-27-ga479965 (webtiles) character file.

10777 Chiseanne the Prestidigitator (level 11, -3/80 HPs)
             Began as a Demonspawn Monk on Feb 3, 2014.
             Was a High Priest of Nemelex Xobeh.
             Killed from afar by a vapour (32 damage)
             ... with a bolt of lightning
             ... summoned by the player character
             ... on Level 11 of the Dungeon.
             The game lasted 01:23:07 (11931 turns).

Chiseanne the Prestidigitator (Demonspawn Monk)    Turns: 11931, Time: 01:23:07

HP  -3/80        AC 16     Str 20      XL: 11   Next: 39%
MP  20/25        EV 11     Int 11      God: Nemelex Xobeh [*****.]
Gold 86          SH 21     Dex 16      Spells:  0 memorised, 10 levels left

Res.Fire  : + . .   See Invis. : .   a - +4 dagger (venom)
Res.Cold  : . . .   Warding    : .   C - +4 ring mail {rF+}
Life Prot.: + . .   Conserve   : .   m - +0 shield
Res.Poison: .       Res.Corr.  : .   w - +2 helmet "Ryskyrgh" {rN+}
Res.Elec. : .       Clarity    : +   q - +0 elf cloak
Sust.Abil.: . .     Spirit.Shd : .   y - +0 pair of gauntlets
Res.Mut.  : .       Stasis     : .   (no boots)
Res.Rott. : .       Flight     : .   A - amulet of clarity
Saprovore : . . .                    D - +5 ring of strength
                                     z - ring of regeneration

@: somewhat resistant to hostile enchantments, fairly stealthy
A: claws 1, blink 1, demonic guardian 1, powered by death 2, augmentation 1, AC
+1
a: Blink, Draw One, Peek at Two, Triple Draw, Deal Four, Stack Five, Renounce
Religion


You were on level 11 of the Dungeon.
You worshipped Nemelex Xobeh.
Nemelex Xobeh was extremely pleased with you.
You were near starving.

You visited 3 branches of the dungeon, and saw 14 of its levels.
You visited 1 bazaar.

You collected 573 gold pieces.
You spent 487 gold pieces at shops.

Inventory:

Hand weapons
 a - a +4,+4 dagger of venom (weapon)
 s - a +3,+3 spear of piercing (quivered)
 u - a +0 blowgun
 x - a +0,+0 long sword of protection
Armour
 m - a +0 shield (worn)
 n - a +1 elven robe of cold resistance
 q - a +0 elven cloak (worn)
 w - the +2 helmet "Ryskyrgh" (worn) {rN+}
   (You acquired it on level 11 of the Dungeon)

   It protects you from negative energy.
 y - a +0 pair of gauntlets (worn)
 C - a +4 ring mail of fire resistance (worn)
Magical devices
 d - a wand of fire (8)
 e - a wand of fire (0)
 o - a wand of draining (7)
Comestibles
 b - 8 bread rations
 v - 5 meat rations
Scrolls
 c - 6 scrolls of teleportation
 t - a scroll of recharging
 B - a scroll of fear
 E - a scroll of magic mapping
 K - 2 scrolls of fog
 L - 4 scrolls of remove curse
 N - 2 scrolls of identify
Jewellery
 z - a ring of regeneration (left hand)
 A - an amulet of clarity (around neck)
 D - a +5 ring of strength (right hand)
 H - an uncursed amulet of warding
 I - an uncursed ring of ice
Potions
 f - a potion of restore abilities
 k - a potion of speed
 p - 2 potions of heal wounds
 r - 3 potions of curing
Miscellaneous
 g - a plain deck of summonings {drawn: 7} {god gift}
 h - a plain deck of defence {Flight, left: 2}
 i - a legendary deck of escape {drawn: 1} {god gift}
 j - a plain deck of escape {drawn: 1} {god gift}
 l - a plain deck of destruction {drawn: 4} {god gift}
 G - a legendary deck of summonings {drawn: 2} {god gift}


   Skills:
 - Level 5.2 Fighting
 - Level 5.0 Short Blades
 - Level 5.0 Polearms
 - Level 5.1 Armour
 - Level 6.1 Dodging
 - Level 1.7 Stealth
 - Level 5.0 Shields
 - Level 3.6 Unarmed Combat
 * Level 12.7 Evocations


You had 10 spell levels left.
You didn't know any spells.

Dungeon Overview and Level Annotations

Branches:
Dungeon (12/27)            Temple (1/1) D:5             Orc (0/4) D:7
   Lair (1/8) D:9

Altars:
Ashenzari
Cheibriados
Elyvilon
Fedhas
Kikubaaqudgha
Makhleb
Nemelex Xobeh
Okawaru
Sif Muna
Trog
Vehumet
Xom
Yredelemnul
Zin
the Shining One

Shops:
D:4 ?   D:8 [

Annotations:
D:12 Erolcha, Joseph


Innate Abilities, Weirdness & Mutations

You have sharp fingernails.
You are partially covered in rugged brown scales (AC +1, +3% HP).
A weak demonic guardian rushes to your aid.
You can steal the life force of defeated enemies.
Your magical and physical power is slightly enhanced at high health.
You can translocate small distances at will.


Message History

Draw from which deck? (? for menu, Esc to quit)
You draw a card...
It is Foxfire.
You sense the presence of something unfriendly.
What do you say? t - Shout!
Orders for allies: a - Attack new target. r - Retreat! s - Stop attacking. w - Wait here. f - Follow me.
Anything else - Stay silent.
Gang up on whom?
Press: ? - help, Dir - move target cursor, f - yak
Aim: a yak (retreating) Attack!
The yak seems to regain its courage.
Your vapour throws lightning at the yak.
The bolt of lightning hits the yak.
The bolt of lightning hits your two-headed ogre skeleton.
The bolt of lightning hits you!
You die...
Your body glows with a rainbow of weird colours and disappears.

#.............Y#
###...........>..#
.................#
<...############Y#
#...# #.# #...#
#.# #...# #v#
#...# #v# #...#
#@#
#...############Z#
.................#
.................#
###############..#
#..# #..# #.Y#
###############..#


You could see 3 yaks, 2 friendly vapours and a friendly two-headed ogre
skeleton.

Vanquished Creatures
  A ravenous feature mimic (Bazaar)
  A spiny frog (Lair:1)
  A troll (D:9)
  The ghost of Zapata the Cutter, an average KoBe of Trog (D:3)
  8 yaks
  3 sharks (D:9)
  A hill giant zombie (D:11)
  A steam dragon (D:10)
  A hungry ghost (D:10)
  2 hippogriffs
  6 wolves
  Edmund (D:6)
  A porcupine (Lair:1)
  6 ice beasts
  A sky beast (D:11)
  A giant goldfish (D:9)
  5 orc warriors
  4 black bears
  2 phantoms
  6 centaurs
  5 ogres
  A crocodile (Lair:1)
  A big kobold (D:9)
  A giant slug (Lair:1)
  5 giant frogs
  A cyclops zombie (D:11)
  A hippogriff zombie (D:8)
  A quasit (D:9)
  6 killer bees (D:11)
  5 crimson imps
  A giant frog skeleton (D:5)
  5 goliath beetles
  An iguana (D:4)
  6 orc priests
  4 scorpions
  A big fish (D:9)
  A jelly (D:11)
  10 hounds
  A two-headed ogre skeleton (D:7)
  8 worker ants
  9 orc wizards
  A mottled dragon skeleton (D:11)
  6 gnolls
  10 adders
  A giant centipede (D:10)
  A green rat (D:9)
  A white imp (D:11)
  An inept feature mimic (D:6)
  5 worms
  An ufetubus (D:9)
  An adder zombie (D:5)
  2 giant eyeballs
  2 oozes (D:4)
  40 orcs
  20 bats
  7 giant cockroaches
  9 hobgoblins
  8 jackals
  3 quokkas
  A ball python (D:1)
  3 giant geckos
  6 giant newts
  10 goblins
  A hobgoblin zombie (D:5)
  19 kobolds
  An orc skeleton (D:7)
  An orc zombie (D:6)
  A quokka skeleton (D:4)
  17 rats
  A rat zombie (D:6)
  2 fungi (D:9)
  4 plants
313 creatures vanquished.

Vanquished Creatures (collateral kills)
  Fannar (D:10)
  The ghost of Chiseanne the Skirmisher, an experienced DsMo of Makhleb (D:7)
  The ghost of Chiseanne the Ducker, an average DsMo (D:4)
  A hippogriff (D:7)
  A shark (D:9)
  Menkaure (D:7)
  2 ice beasts
  An ogre (D:4)
  A giant goldfish (D:9)
  5 centaurs (D:11)
  2 iguanas
  A mummy (D:10)
  A gnoll (D:2)
  5 orcs
  A goblin (D:7)
  2 kobolds
27 creatures vanquished.

Vanquished Creatures (others)
  3 dancing weapons (D:7)
  A mottled dragon (D:12)
  11 iron imps
  9 crimson imps
  2 quasits (D:7)
  A giant frog skeleton (D:7)
  An orange rat (D:10)
  7 lemures
  11 white imps
  19 ufetubi
  A fungus (D:9)
66 creatures vanquished.

Grand Total: 406 creatures vanquished

Notes
Turn   | Place    | Note
--------------------------------------------------------------
     0 | D:1      | Chiseanne, the Demonspawn Monk, began the quest for the Orb.
     0 | D:1      | Reached XP level 1. HP: 16/16 MP: 0/0
   382 | D:1      | Gained mutation: You have sharp fingernails. [demonic ancestry]
   382 | D:1      | Reached XP level 2. HP: 22/22 MP: 1/1
   519 | D:1      | Found a sparkling altar of Nemelex Xobeh.
   528 | D:1      | Became a worshipper of Nemelex Xobeh
   528 | D:1      | Received a gift from Nemelex Xobeh
   528 | D:1      | Acquired Nemelex Xobeh's first power
   720 | D:1      | Acquired Nemelex Xobeh's second power
  1126 | D:2      | Gained mutation: A weak demonic guardian rushes to your aid. [demonic ancestry]
  1126 | D:2      | Reached XP level 3. HP: 28/28 MP: 2/2
  1751 | D:2      | Reached skill level 4 in Dodging
  1800 | D:2      | Gained mutation: You can steal the life force of nearby defeated enemies. [demonic ancestry]
  1800 | D:2      | Reached XP level 4. HP: 23/34 MP: 3/3
  1907 | D:2      | Pr0man: muh
  1908 | D:2      | Chiseanne: mööp
  1984 | D:2      | Pr0man: meinen geilen DSTr hats grad zerissen... drecks confusion :D
  1984 | D:2      | Chiseanne: nemelex auf level 1 !
  1984 | D:2      | Pr0man: haxx
  1984 | D:2      | Chiseanne: oh schade
  1984 | D:2      | Chiseanne: der hat aber lange gehalten
  2017 | D:2      | Pr0man: Die -1 apl auf nahezu alles bei Demonspawn is total kacke... die skills gehn so langsam, Bladehands geht erst sau spät dadurch
  2018 | D:2      | Pr0man: hast grad in meine stats geschaut? :D
  2018 | D:2      | Chiseanne: ja..aber ist nur -1 dafür bekommt er gute muts
  2018 | D:2      | Chiseanne: nee sry..geht bei mirgrad nicht ich bekomme kein anderes spiel auf
  2018 | D:2      | Chiseanne: keine ahnung warum
  2344 | D:2      | Found a white marble altar of Elyvilon.
  2437 | D:2      | Pr0man: Ich such auch immer gern nach neuen Spielkombinationen damit mir nicht langweilig wird... nur leider hab ich mit ranged chars total das pech
  2441 | D:2      | Chiseanne: centaur hunter? schon probiert?
  2588 | D:2      | Pr0man: jop, ist absolut nicht mein geschmack leider
  2617 | D:2      | Chiseanne: oh damit hatte ich mein erstes spiel gewonnen
  2617 | D:2      | Chiseanne: mit oka hast du gute chancen auch einen guten bogen zu bekommen
  2617 | D:2      | Chiseanne: alles andere ist zu langsam als schütze finde ich
  2617 | D:2      | Chiseanne: man will die gegner ja auf abstand halten
  2790 | D:3      | Gained mutation: You can translocate small distances at will. [potion of beneficial mutation]
  2791 | D:3      | Pr0man: Naja, mein bestes spiel war nen DEFE... unglaublich dass ich mit der ultra glaskanone das beste bisher hatte
  2791 | D:3      | Chiseanne: weil die so offensiv alles wegbrennen bevor ess chaden machen kann
  2791 | D:3      | Chiseanne: FE ist einer der besten chars die amn spiele kann denke ich
  2830 | D:3      | Pr0man: Und dann isser daran gestorben ins abyss gebanished zu werden...
  2830 | D:3      | Chiseanne: sobald man Feuerball unbegrenzt spammen kann gehts ab
  2830 | D:3      | Chiseanne: ja das ist übel
  2868 | D:3      | Pr0man: hab ungelogen ne halbe stunde überlebt im Abyss, ohne große denkerpausen
  2868 | D:3      | Pr0man: nicht ein einziges portal, nichtmal in die tiefen
  2868 | D:3      | Chiseanne: übel
  2947 | D:3      | Pr0man: Ich mein gut, tiefer gehn währ das dümmste was ich wohl machen könnte, aber trotzdem...
  3033 | D:3      | Pr0man: Da bin ich echt am überlegen mir mal nen AK zu spielen, hast nie das problem :D
  3036 | D:3      | Chiseanne: ak?
  3036 | D:3      | Pr0man: Abyss Knight
  3036 | D:3      | Pr0man: Zu gefährliches Monster? Banish es :p
  3036 | D:3      | Chiseanne: :D
  3036 | D:3      | Pr0man: In Abyss verbannt? verlass es einfach
  3036 | D:3      | Chiseanne: ja geht auch ganz gut..hatte ich mal eine zeitlang
  3036 | D:3      | Chiseanne: oder? es wird zu viel? selber in die abyss gehen
  3068 | D:3      | Gained mutation: You are partially covered in rugged brown scales (AC +1, +3% HP). [demonic ancestry]
  3068 | D:3      | Reached XP level 5. HP: 17/41 MP: 4/4
  3070 | D:3      | Pr0man: genau, suizid einfach da reinspringen
  3070 | D:3      | Chiseanne: hehe
  3129 | D:3      | Pr0man: Oder auch mal Chaos Knight, wobei ich sagen muss, da hab ich bei Xom immer probleme
  3129 | D:3      | Chiseanne: xom ist kacke
  3129 | D:3      | Pr0man: Der Confused mich immer in den dümmsten momenten
  3129 | D:3      | Pr0man: Aber hey, er hat mich sogar schonmal vorm Tod bewahrt
  3129 | D:3      | Chiseanne: den nehme ich nur mal wenn ich sowieso nicht vor habve den char lange zu spielen
  3129 | D:3      | Noticed Zapata's ghost (average KoBe)
  3206 | D:3      | Pr0man: woher kommen die ganzen diener?
  3225 | D:3      | Killed Zapata's ghost
  3225 | D:3      | Reached skill level 5 in Dodging
  3225 | D:3      | Reached XP level 6. HP: 48/48 MP: 5/5
  3228 | D:3      | Pr0man: lol
  3228 | D:3      | Pr0man: demonic guardian
  3228 | D:3      | Pr0man: wie lucky
  3228 | D:3      | Chiseanne: ja nur gut das ich nicht oka auf level 1 hatte ^^
  3255 | D:3      | Pr0man: hehe
  3314 | D:3      | Acquired Nemelex Xobeh's third power
  3326 | D:3      | Pr0man: in der neueren version stört das oka nicht mehr
  3460 | D:3      | Chiseanne: oh geilo
  3460 | D:3      | Chiseanne: nur die guardians oder generell?
  3460 | D:3      | Pr0man: Zin and Okawaru no longer care about the deaths of allies.
  3460 | D:3      | Pr0man: nur in der trunk version
  3460 | D:3      | Chiseanne: dh?
  3460 | D:3      | Chiseanne: es kommt auch nach dccs oder?
  3460 | D:3      | Pr0man: die version die entwickelt wird grad, .14
  3460 | D:3      | Chiseanne: ich mein ..ich finde es nicht so schlimm
  3460 | D:3      | Chiseanne: eigenltich sellt man sich ja darauf ein
  3460 | D:3      | Chiseanne: und nur wenn man ds spielt kann so was eigentlich passieren
  3460 | D:3      | Pr0man: versteh garnicht warum du die neue version noch nicht spielst
  3460 | D:3      | Chiseanne: oder eben als beschwörer
  3460 | D:3      | Chiseanne: hmm
  3460 | D:3      | Chiseanne: die geht doch nur bis level 16 oder?
  3460 | D:3      | Pr0man: ja und nein
  3460 | D:3      | Chiseanne: ich hatte das ein paar mal gemacht und dann war dort schluss
  3460 | D:3      | Chiseanne: doof
  3509 | D:4      | Pr0man: das normale dungeon ist bis lvl 16, dann gibts nochmal 6 level depths, dann erst realm of zot
  3509 | D:4      | Chiseanne: ja ach ich warte bis es raus ist solange spiel ich das hier
  3509 | D:4      | Chiseanne: passt schon
  3550 | D:4      | Paralysed by a potion of paralysis for 4 turns
  3558 | D:4      | Pr0man: The Depths may be added in 0.14, replacing floors 17-27 of the Dungeon and resembling floors D:22-27 in terms of monster composition.
  3559 | D:4      | Chiseanne: ja wie gesagt..ich warte bis es offiziell in dccs ist
  3559 | D:4      | Pr0man: also nochmal ein wenig den schwierigkeitsgrad angehoben in dem bereich, aber find ich passt, also könnt durchaus schlimmer sein
  3584 | D:4      | Reached skill level 6 in Dodging
  3586 | D:4      | Pr0man: mir fällt grad noch keine lustige spiele combo ein
  3604 | D:4      | Pr0man: entchanter z.b. gefallen mir garnicht, oder generell stealth klassen... da hab ich immer total das pech mit
  3604 | D:4      | Chiseanne: TrAs
  3614 | D:4      | Received a gift from Nemelex Xobeh
  3652 | D:4      | Found Asih's Magic Scroll Shop.
  3661 | D:4      | Bought a scroll of immolation for 10 gold pieces
  3661 | D:4      | Bought a scroll of recharging for 55 gold pieces
  3661 | D:4      | Chiseanne: scroll of Acquirement im shop yay..und nur 520 g
  3661 | D:4      | Bought a scroll of fear for 35 gold pieces
  3661 | D:4      | Bought a scroll of random uselessness for 10 gold pieces
  3663 | D:4      | Pr0man: mein DsTr hatte 2 stück
  3665 | D:4      | Pr0man: hab ich 2x für armor verwendet
  3665 | D:4      | Chiseanne: und ? Troll assasin ? ;-)
  3665 | D:4      | Pr0man: einmal +2boots of jumping, und den -2helm of bailey, +2 int/str/dex gekriegt
  3665 | D:4      | Chiseanne: oh
  3665 | D:4      | Pr0man: naja, ne, aber mir fällt grad ein... vllt nen Troll Fighter of Chebriados
  3665 | D:4      | Chiseanne: ich finde sie übertreibens mit minus stats auf weissen sachen
  3665 | D:4      | Chiseanne: ja probiers
  3665 | D:4      | Chiseanne: brauchst aber dicke rüstung
  3680 | D:4      | Pr0man: und da ist das problem
  3680 | D:4      | Pr0man: die können ja kaum rüstung tragen...
  3680 | D:4      | Chiseanne: jep
  3680 | D:4      | Chiseanne: shield könnte helfen
  3680 | D:4      | Pr0man: Mal in die Char erstellung schauen was mir so einfällt...
  3771 | D:4      | Pr0man: mal nen Vinestalker Monk machen
  3804 | D:4      | Chiseanne: :)
  4059 | D:4      | Reached skill level 1 in Short Blades
  4059 | D:4      | Reached skill level 1 in Armour
  4059 | D:4      | Reached skill level 1 in Evocations
  4059 | D:4      | Reached XP level 7. HP: 28/53 MP: 5/7
  4294 | D:4      | Chiseanne: haha mit neme habe ich mal aus versehen über 20 identify scroll in meinem stash fallen gelassen
  4294 | D:4      | Chiseanne: und dann "p" gedrückt
  4294 | D:4      | Chiseanne: lol *bitter*
  4306 | D:4      | Noticed Chiseanne's ghost (average DsMo)
  4330 | D:4      | Chiseanne: mist ..ich hasse es gegen meine eigenen geister zu spielen...die sind immer so gut -D
  4344 | D:4      | Killed Chiseanne's ghost
  4493 | D:4      | Pr0man: naja, meine geister sind im normalfall totale waschlappen^^
  4498 | D:4      | Chiseanne: spiel hier dann sehe ich die auch mal ;-P
  4760 | D:5      | Entered Level 5 of the Dungeon
  4772 | D:5      | Acquired Nemelex Xobeh's fourth power
  4772 | D:5      | Pr0man: hehe, na was solls
  4772 | D:5      | Received a gift from Nemelex Xobeh
  4779 | D:5      | Pr0man: der nächste dann
  4779 | D:5      | Reached XP level 8. HP: 60/60 MP: 4/11
  4780 | D:5      | Pr0man: auch lustig
  4780 | D:5      | Chiseanne: was?
  4780 | D:5      | Pr0man: Vinestalker haben fangs stufe 2 mit Antimagic Brand auxilery attack
  4780 | D:5      | Chiseanne: omg :D
  4811 | D:5      | Pr0man: und als währs nicht genug wenn das procct stellst du dein eigenes mana wieder her
  4811 | D:5      | Chiseanne: wow
  4811 | D:5      | Chiseanne: ein wenig op die jungs
  4849 | D:5      | Found a staircase to the Ecumenical Temple.
  4862 | D:5      | Pr0man: naja, kannst halt heal wounds potions und wands in die tonne treten dafür
  4881 | D:5      | Pr0man: auch wenn du später regeneration 3 hast
  4881 | D:5      | Chiseanne: ah ja stimmt
  4881 | D:5      | Chiseanne: das ist natürlich übel
  4881 | D:5      | Chiseanne: wie mumie
  4888 | D:5      | Pr0man: Bin gerade am überlegen ob ich vllt Trog beitreten sollte.. :D aber ich glaub ich nehm Oka
  4890 | Temple   | Entered the Ecumenical Temple
  5112 | D:5      | Pr0man: heroism + finesse
  5149 | D:5      | Chiseanne: hmm trog hätte regen
  5149 | D:5      | Chiseanne: Mahkleb gibt leben beim kill
  5149 | D:5      | Chiseanne: auch eine option
  5154 | D:5      | Pr0man: viele wahlen...
  5166 | D:5      | Chiseanne: ja
  5209 | D:5      | Reached skill level 1 in Shields
  5449 | D:5      | Found a blossoming altar of Fedhas.
  5987 | D:6      | Reached skill level 5 in Armour
  6026 | D:6      | Pr0man: okay, ich räum grad ne gnoll festung auf d3 aus ohne nen gott o.ä. zu haben..
  6026 | D:6      | Chiseanne: ja das gibt es hin und wieder
  6026 | D:6      | Chiseanne: mit dem vs?
  6047 | D:6      | Pr0man: entweder treffen sie nicht, oder ich leech den dmg einfach raus, auch wenn da 5 gnolle in ner reihe stehn :D
  6058 | D:6      | Pr0man: auchn oger mit ner giant club war dabei
  6058 | D:6      | Chiseanne: hehe
  6342 | D:6      | Noticed Edmund
  6364 | D:6      | Killed Edmund
  6472 | D:6      | Found a snail-covered altar of Cheibriados.
  6486 | D:6      | Received a gift from Nemelex Xobeh
  6587 | D:7      | Pr0man: ui, die fangs werden sogar besser, nu hab ich r3 fangs
  6594 | D:7      | Chiseanne: nett
  6613 | D:7      | Gained mutation: You can steal the life force of defeated enemies. [demonic ancestry]
  6613 | D:7      | Reached XP level 9. HP: 66/66 MP: 14/14
  6621 | D:7      | Found a staircase to the Orcish Mines.
  6623 | D:7      | Pr0man: also VS eignen sich total als Monk
  6625 | D:7      | Acquired Nemelex Xobeh's fifth power
  6642 | D:7      | Chiseanne: die bekommen gute dex denke ich
  6667 | D:7      | Received a gift from Nemelex Xobeh
  6886 | D:7      | Noticed Menkaure
  6906 | D:7      | Chiseanne: ah der religionsscreen
  6906 | D:7      | Chiseanne: kennst du den?
  6971 | D:7      | Killed Menkaure
  6973 | D:7      | Pr0man: öh, glaub das war ^, warum?
  6975 | D:7      | Pr0man: und ich hab grad den fehler gemacht ne waffe in die hand zu nehmen, sah zu verlockend aus...
  6975 | D:7      | Chiseanne: fiel mir nur grad ein
  6975 | D:7      | Pr0man: The Depths may be added in 0.14, replacing floors 17-27 of the Dungeon and resembling floors D:22-27 in terms of monster composition.
  6975 | D:7      | Pr0man: ups
  6975 | D:7      | Pr0man: the cursed +10,+6 trident of the Spinneret (weapon) {distort, SInv Curse}
  6975 | D:7      | Chiseanne: der ist ja schon hin und wieder mal wichtig und bei mir lies der sich nicht über ^ aufrufen
  6975 | D:7      | Pr0man: dann wars wohl %
  6975 | D:7      | Chiseanne: hmm nicht o schlecht das teil ..distort ist cool
  6975 | D:7      | Chiseanne: auch wenn leider viel xp in die abyss wandern
  6976 | D:7      | Chiseanne: nein das ist charscreen
  6976 | D:7      | Chiseanne: aber ich habe einene workaround gefunden
  6976 | D:7      | Chiseanne: andere tastenkombi jetzt
  7055 | D:7      | Noticed Chiseanne's ghost (experienced DsMo)
  7083 | D:7      | Killed Chiseanne's ghost
  7083 | D:7      | Reached skill level 5 in Evocations
  7182 | D:7      | Received a gift from Nemelex Xobeh
  7275 | D:7      | Reached skill level 5 in Fighting
  7415 | D:7      | Found a bloodstained altar of Trog.
  7479 | D:7      | Pr0man: da liegt ne pearl dragon hide in der pampa rum...
  7513 | D:7      | Chiseanne: ist doch cool
  7513 | D:7      | Chiseanne: gerade für den char
  7513 | D:7      | Chiseanne: für den anfang
  7763 | D:8      | Pr0man: naja, ich setz viel auf evades weil ich -2 armor apl. hab... weiß nich ob ich jetz drauß ne pearl dragon armour machen sollte
  7804 | D:8      | Chiseanne: pearl dragon ist nich schwer zu tragen
  7804 | D:8      | Chiseanne: ist wie stoff nuzr mit rüstung ..glaube beste ac/weight kombi die du finest
  7804 | D:8      | Chiseanne: findest
  7834 | D:8      | Pr0man: gibt soviel AC wie ne Plate armour aber hat nur-11 BER
  7848 | D:8      | Chiseanne: ja
  7892 | D:8      | Reached skill level 5 in Short Blades
  7900 | D:8      | Reached skill level 5 in Shields
  8155 | D:8      | Reached skill level 1 in Polearms
  8255 | D:8      | Found Stud's Armour Shoppe.
  8278 | D:8      | Pr0man: 13AC/15 Evades mit meiner +3 Elven Leather armor oder 17AC/7 Evade mit der Pearl armour
  8278 | D:8      | Bought a +0 horned helmet for 33 gold pieces
  8282 | D:8      | Chiseanne: hmm ok dann wohl im moment eher leder
  8282 | D:8      | Chiseanne: mit shield dann die pearl
  8417 | D:8      | Pr0man: shield? kann ich da überhaupt noch mit fäusten kämpfen und auxilery atks auslösen?
  8417 | D:8      | Chiseanne: wieviel stärke hat der char?
  8417 | D:8      | Chiseanne: ja mit der mainhand
  8417 | D:8      | Chiseanne: wenn du keine waffe trägst
  8417 | D:8      | Chiseanne: :D
  8417 | D:8      | Chiseanne: sonst nicht nein
  8426 | D:9      | Reached skill level 7 in Evocations
  8427 | D:9      | Received a gift from Nemelex Xobeh
  8447 | D:9      | Pr0man: habe 14/10/22 stats
  8447 | D:9      | Chiseanne: ok
  8447 | D:9      | Chiseanne: also von der st her sollte die pda kein problem sein+
  8528 | D:9      | Pr0man: ich zieh jetzt Armor skill nach
  8543 | D:9      | Gained mutation: Your magical and physical power is slightly enhanced at high health. [demonic ancestry]
  8543 | D:9      | Reached XP level 10. HP: 65/74 MP: 20/20
  8544 | D:9      | Chiseanne: ja guter plan
  8664 | D:9      | Reached skill level 8 in Evocations
  8848 | D:9      | Chiseanne: geil
  8848 | D:9      | Chiseanne: regneration mut
  8848 | D:9      | Chiseanne: und Your magical and physical power is slightly enhandced at high health
  8946 | D:9      | Pr0man: gastonok verhauen, +2hut see invis
  8946 | D:9      | Chiseanne: immerhin
  8976 | D:9      | Found a staircase to the Lair.
  9077 | D:9      | Pr0man: Ne truppe humans, alle mit großschilden
  9088 | D:9      | Pr0man: gerade verhaun
  9109 | D:9      | Chiseanne: !
  9124 | D:9      | Reached skill level 9 in Evocations
  9140 | D:9      | Pr0man: ui, nich sterben :D
  9211 | D:9      | Chiseanne: nee hab doch regen ;-)
  9241 | D:9      | Pr0man: book of battle gefunden
  9258 | D:9      | Chiseanne: fürn as?
  9308 | D:9      | Pr0man: skald das teil
  9365 | D:9      | Reached skill level 10 in Evocations
  9373 | D:9      | Pr0man: der hat ja nen rework bekommen, hat ja nu ganz andere skills drinn
  9373 | D:9      | Pr0man: song of slaying, infusion und so
  9373 | D:9      | Chiseanne: ja ich weiß
  9426 | D:9      | Chiseanne: probiers
  9426 | D:9      | Chiseanne: ist nur...du musst dann magie auch noch trainieren
  9537 | D:9      | Chiseanne: wie sind die apts vom vs?
  9537 | D:9      | Chiseanne: ich mein..viel - oder nicht?
  9556 | D:10     | Entered Level 10 of the Dungeon
  9592 | Lair:1   | Entered Level 1 of the Lair of Beasts
  9632 | Lair:1   | Pr0man: bei den spells fast alles nur 0, ohne iwas, eigentlich nicht so schlecht
  9634 | Lair:1   | Chiseanne: machbar
  9651 | Lair:1   | Pr0man: ich glaub ich lern song of slaying
  9707 | Lair:1   | Pr0man: Nur wenn ich da anfange wien verrückter zu singen brauch ich nich hoffen dass das unbemerkt bleibt^^
  9719 | Lair:1   | Pr0man: dafuq.. ich hab song garnicht gecastet und er singt einfach?
  9724 | Lair:1   | Chiseanne: hmm
  9784 | Lair:1   | Pr0man: naja, ich krieg die ganze zeit +slay bonus, also als wenn ich den buff laufen hab, aber ich caste wenn überhaupt nur heroism
  9785 | Lair:1   | Received a gift from Nemelex Xobeh
  9788 | Lair:1   | Pr0man: nu nich mehr, seltsame sache :D
  9788 | Lair:1   | Chiseanne: reicht auch in den meisten fällen
  9988 | D:10     | Noticed Fannar
  9996 | D:9      | Reached skill level 11 in Evocations
 10076 | D:10     | Pr0man: hab mir gleich mal noch den regeneration zauber aus dem buch gegriffen :D
 10077 | D:10     | Chiseanne: :)
 10092 | D:10     | Killed Fannar
 10092 | D:10     | Reached XP level 11. HP: 80/80 MP: 24/24
 10180 | D:10     | Received a gift from Nemelex Xobeh
 10435 | D:10     | Reached skill level 5 in Polearms
 10547 | D:10     | Pr0man: okay, auf ner unerkundeten ebene zu singen ist ganz dumm
 10567 | D:10     | Chiseanne: kommen sie gleich alle?
 10567 | D:10     | Pr0man: habs überlebt, hill giant, ogre, 3 mosquitos und ne armee ratten :D
 10567 | D:10     | Chiseanne: :D
 10892 | D:11     | Found a flickering gateway to a bazaar.
 10928 | D:11     | Paralysed by a giant eyeball for 2 turns
 10947 | Bazaar   | Entered a bazaar
 10947 | Bazaar   | Found Marangod's General Store.
 10951 | Bazaar   | Found Ocara's Jewellery Shop.
 10956 | Bazaar   | Found Banacry's Antique Weapon Shop.
 10961 | Bazaar   | Pr0man: das spiel is gemein, nu liegt da ne troll leather armor rum
 10962 | Bazaar   | Banacry's Antique Weapon Shop was a mimic.
 10971 | Bazaar   | Killed a ravenous shop mimic
 10971 | Bazaar   | Reached skill level 12 in Evocations
 10973 | Bazaar   | Pr0man: bazaar? du lucker! :P
 10973 | Bazaar   | Chiseanne: ja und ich finde einen caravan ohne das ich genug gold habe
 10978 | Bazaar   | Found Briovomn's Magic Scroll Shop.
 11016 | Bazaar   | Found Xottul's Food Boutique.
 11046 | Bazaar   | Bought a scroll of magic mapping for 31 gold pieces
 11046 | Bazaar   | Bought a potion of strong poison for 18 gold pieces
 11046 | Bazaar   | Bought a scroll of remove curse for 27 gold pieces
 11046 | Bazaar   | Bought a scroll of identify for 18 gold pieces
 11046 | Bazaar   | Bought a scroll of fear for 31 gold pieces
 11056 | Bazaar   | Pr0man: mhm, ich verlier nur 1 punkt ac, ich glaub ich nehm die troll armor
 11056 | Bazaar   | Pr0man: das extra reg kommt geil
 11056 | Bazaar   | Chiseanne: klar
 11056 | Bazaar   | Pr0man: ui, der ring
 11080 | Bazaar   | Pr0man: meh, keine aquirement
 11080 | Bazaar   | Bought a scroll of identify for 22 gold pieces
 11080 | Bazaar   | Bought a scroll of identify for 22 gold pieces
 11080 | Bazaar   | Bought a scroll of identify for 22 gold pieces
 11080 | Bazaar   | Bought a scroll of enchant weapon I for 60 gold pieces
 11080 | Bazaar   | Bought a scroll of enchant weapon I for 60 gold pieces
 11080 | Bazaar   | Bought a scroll of remove curse for 33 gold pieces
 11345 | D:11     | Identified a scroll of acquirement
 11345 | D:11     | Chiseanne: uhh scroll of acquirement
 11348 | D:11     | Got a faintly humming helmet
 11352 | D:11     | Identified the +2 helmet "Ryskyrgh" {rN+} (You acquired it on level 11 of the Dungeon)
 11597 | D:11     | Pr0man: und was kam raus? war bei mir aufm spiel
 11613 | D:11     | Chiseanne: helm artefakt +2ac rN
 11625 | D:11     | Pr0man: lol
 11635 | D:11     | Chiseanne: immerhin
 11635 | D:11     | Pr0man: so, mal gesaved, hier weiter reinschauen
 11635 | D:11     | Chiseanne: und nichts negatives..da freut man sich ehutzutage hier shcon drüber lol
 11674 | D:11     | Chiseanne: :)
 11894 | D:12     | Noticed Erolcha
 11894 | D:12     | Noticed a centaur warrior
 11905 | D:11     | Pr0man: was hast du da fürn buff nebenbei laufen?
 11906 | D:11     | Chiseanne: das was ich dir gesagt hatte
 11906 | D:11     | Chiseanne: physikalische und magische stärke sind verstärkt wenn dein leben max ist
 11908 | D:12     | Noticed Joseph
 11911 | D:11     | Pr0man: au backe...
 11921 | D:11     | Chiseanne: puh ist das übel
 11921 | D:11     | Chiseanne: und alle abgänge enden dort
 11921 | D:11     | Pr0man: na wenixtens gibts essen :P
 11921 | D:11     | Chiseanne: :D
 11931 | D:11     | Killed from afar by a vapour

Action                   |  1- 3 |  4- 6 |  7- 9 | 10-12 || total
-------------------------+-------+-------+-------+-------++-------
Melee: Unarmed           |    42 |       |       |       ||    42
       Dagger            |    61 |   218 |   547 |   467 ||  1293
       Spear             |       |     2 |   137 |   172 ||   311
Invok: Draw One          |     1 |     1 |    36 |    13 ||    51
       Peek at Two       |       |     1 |     2 |     1 ||     4
       Stack Five        |       |       |       |     1 ||     1
Evoke: Wand              |       |       |     4 |     2 ||     6
  Use: Scroll            |     2 |    11 |     8 |    12 ||    33
       Potion            |       |     6 |     6 |       ||    12
 Stab: Sleeping          |     2 |     3 |     6 |     2 ||    13
       Distracted        |       |       |     1 |       ||     1
